Map: 2000 Atmospheres LE

Players

SKillous

  • Race: Protoss Protoss

MaxPax - Winner!

  • Race: Protoss Protoss

Event: DreamHack SC2 Masters 2021 Fall

VOD

Have the link to the VOD?

Description

Time

  • Played on: Aug. 7, 2021, 10:42 a.m.
  • Length: 15:06

All games in this series

Show
View Real Time Build Order
Export as new Build Order

SKillous Protoss 

Build Orders: Blink Stalkers 

Get SALT Encoding   

  12  0:00  Probe  
  13  0:12  Probe  
  14  0:17  Pylon  
  14  0:24  Probe (Chrono Boost)  
  15  0:36  Gateway, Probe (Chrono Boost)  
  16  0:45  Probe (Chrono Boost)  
  16  0:46  Assimilator  
  17  0:50  Probe  
  17  0:55  Assimilator  
  18  1:03  Probe (Chrono Boost)  
  19  1:07  Gateway  
  20  1:12  Probe (Chrono Boost)  
  20  1:17  Probe (Chrono Boost)  
  20  1:25  Cybernetics Core  
  21  1:29  Probe  
  22  1:35  Pylon  
  22  1:41  Probe  
  22  1:45  Pylon  
  23  2:01  Stalker  
  23  2:02  Stalker  
  23  2:07  Warp Gate  
  27  2:20  Cybernetics Core  
  27  2:27  Probe  
  28  2:35  Sentry  
  30  2:52  Shield Battery  
  30  2:53  Probe  
  30  2:55  Nexus  
  31  3:00  Pylon  
  30  3:11  Twilight Council  
  30  3:13  Probe  
  31  3:23  Shield Battery  
  31  3:25  Probe  
  31  3:37  Shield Battery, Probe (Chrono Boost)  
  32  3:45  Blink (Chrono Boost)  
  32  3:49  Probe (Chrono Boost)  
  33  3:56  Stalker  
  33  3:57  Probe (Chrono Boost)  
  33  3:58  Stalker  
  38  4:08  Probe (Chrono Boost)  
  38  4:09  Probe (Chrono Boost)  
  39  4:18  Probe (Chrono Boost)  
  39  4:20  Stalker, Probe (Chrono Boost)  
  42  4:28  Probe (Chrono Boost)  
  42  4:29  Probe (Chrono Boost)  
  44  4:31  Stalker  
  44  4:35  Probe (Chrono Boost)  
  44  4:37  Probe (Chrono Boost)  
  48  4:42  Forge  
  48  4:43  Probe  
  49  4:49  Probe  
  49  4:50  Pylon  
  50  4:55  Assimilator  
  50  4:56  Probe  
  51  5:01  Probe  
  52  5:08  Robotics Facility, Probe  
  52  5:09  Protoss Ground Weapons Level 1 (Chrono Boost)  
  52  5:12  Stalker x2  
  58  5:20  Pylon  
  58  5:27  Gateway x2  
  57  5:31  Probe x2  
  59  5:43  Probe x2  
  59  5:44  Pylon  
  59  5:48  Stalker x2  
  65  5:56  Observer  
  67  6:00  Nexus  
  66  6:05  Pylon, Probe  
  66  6:06  Probe  
  68  6:17  Stalker x2  
  72  6:22  Probe  
  72  6:25  Pylon  
  73  6:30  Probe  
  74  6:34  Probe  
  74  6:39  Nexus  
  75  6:41  Pylon  
  75  6:42  Stalker  
  75  6:44  Stalker  
  75  6:45  Stalker  
  75  6:46  Probe  
  82  6:59  Protoss Ground Weapons Level 2 (Chrono Boost)  
  82  7:01  Probe  
  82  7:03  Stalker  
  82  7:07  Photon Cannon  
  86  7:09  Stalker x3  
  86  7:10  Assimilator  
  86  7:11  Observer  
  86  7:13  Pylon, Probe  
  93  7:17  Probe  
  93  7:21  Shield Battery  
  94  7:27  Charge  
  94  7:31  Probe x2  
  96  7:43  Stalker x3, Probe  
  101  7:48  Stalker  
  94  7:51  Probe (Chrono Boost)  
  94  7:59  Probe (Chrono Boost)  
  94  8:04  Probe x2 (Chrono Boost)  
  94  8:10  Probe x2 (Chrono Boost)  
  97  8:13  Probe (Chrono Boost)  
  97  8:14  Gateway  
  97  8:15  Gateway  
  97  8:19  Probe x2 (Chrono Boost)  
  99  8:22  Assimilator  
  99  8:23  Assimilator  
  102  8:27  Probe x3 (Chrono Boost)  
  102  8:30  Templar Archives, Gateway  
  102  8:33  Gateway  
  102  8:34  Sentry  
  104  8:42  Warp Prism (Chrono Boost)  
  104  8:43  Photon Cannon  
  106  8:51  Gateway  
  106  8:52  Gateway  
  106  9:00  Observer  
  105  9:08  High Templar  
  105  9:09  High Templar x3  
  113  9:10  Zealot  
  113  9:12  Pylon  
  113  9:14  Pylon  
  113  9:15  Pylon, Archon x2  
  115  9:25  Zealot  
  115  9:27  Pylon  
  117  9:32  Nexus  
  117  9:33  Pylon  
  117  9:35  Zealot  
  117  9:36  Zealot  
  120  9:43  High Templar x4  
  120  9:44  High Templar  
  120  9:45  High Templar  
  132  9:48  Archon x2  
  132  9:49  Archon  
  132  9:57  Gateway  
  132  9:59  Gateway  
  132  10:00  Pylon  
  132  10:06  High Templar x2  
  136  10:07  Zealot x2  
  136  10:10  Pylon, Archon  
  140  10:15  Zealot x2  
  140  10:16  Zealot x2  
  140  10:17  Zealot x2  
  152  10:25  Pylon  
  152  10:37  High Templar x4  
  152  10:38  Zealot x4  
  152  10:41  Archon  
  168  10:43  Archon, Zealot x2  
  172  10:51  Observer  
  172  10:56  Observer (Chrono Boost)  
  161  11:00  Zealot x6  
  151  11:11  Observer  
  151  11:17  Observer (Chrono Boost), Zealot x4  
  152  11:24  Zealot x6  
  136  11:35  Stalker x2  
  136  11:36  Probe x3  
  143  11:47  Pylon  
  143  11:57  Photon Cannon  
  143  11:59  Photon Cannon  
  143  12:05  Stalker x4  
  143  12:06  High Templar x4  
  143  12:07  Zealot x2  
  163  12:11  Probe  
  163  12:12  Archon  
  163  12:13  Archon  
  164  12:21  Shield Battery  
  164  12:24  Pylon  
  164  12:30  Zealot x6  
  164  12:33  Pylon  
  174  12:50  Zealot x5  
  174  12:51  Zealot x2  
  188  13:06  Zealot x4  
  125  13:37  Zealot x7  
  125  13:38  Zealot x5  
  126  13:58  Stalker x7  
  126  13:59  Stalker  
  126  14:00  Zealot  
  142  14:06  Zealot x2  
  142  14:07  Observer  
  133  14:19  High Templar  
  133  14:22  High Templar x3  
  100  14:38  Zealot x7  
  86  14:46  Archon  
  86  14:47  Archon  
  67  14:55  Zealot x3  
Show
View Real Time Build Order
Export as new Build Order

MaxPax Protoss - Winner!

Build Orders: Oracle Opening 

Get SALT Encoding   

  12  0:00  Probe  
  13  0:12  Probe  
  14  0:19  Pylon  
  14  0:24  Probe  
  15  0:37  Probe (Chrono Boost)  
  15  0:39  Gateway  
  16  0:47  Assimilator  
  16  0:48  Probe (Chrono Boost)  
  17  0:53  Probe (Chrono Boost)  
  18  1:03  Probe  
  19  1:09  Assimilator  
  19  1:11  Pylon  
  19  1:15  Probe (Chrono Boost)  
  21  1:25  Cybernetics Core  
  21  1:26  Probe (Chrono Boost)  
  21  1:31  Probe (Chrono Boost)  
  22  1:33  Zealot  
  24  1:42  Probe  
  25  1:54  Probe  
  26  2:04  Adept (Chrono Boost), Stargate  
  28  2:08  Probe  
  29  2:16  Pylon  
  29  2:18  Warp Gate  
  29  2:20  Probe  
  30  2:28  Pylon  
  30  2:33  Probe  
  30  2:34  Stalker  
  33  2:45  Probe  
  34  2:54  Oracle  
  37  3:10  Nexus  
  37  3:14  Probe  
  38  3:21  Shield Battery  
  38  3:26  Probe  
  37  3:36  Shield Battery  
  37  3:38  Probe  
  37  3:39  Pylon  
  38  3:50  Twilight Council  
  38  3:52  Gateway  
  38  3:53  Probe  
  39  4:05  Probe (Chrono Boost)  
  39  4:08  Stalker  
  42  4:15  Probe (Chrono Boost)  
  43  4:20  Blink (Chrono Boost), Gateway, Probe (Chrono Boost)  
  43  4:24  Probe  
  45  4:32  Probe  
  45  4:37  Dark Shrine  
  45  4:38  Probe  
  47  4:43  Stalker  
  47  4:45  Probe  
  50  4:50  Probe  
  50  4:51  Pylon  
  51  4:55  Assimilator  
  51  4:57  Probe  
  51  4:59  Stalker  
  54  5:03  Probe  
  55  5:09  Probe  
  55  5:12  Stalker  
  59  5:25  Forge  
  59  5:27  Stalker x2  
  63  5:30  Probe  
  63  5:34  Nexus  
  63  5:38  Probe  
  63  5:42  Stalker, Probe  
  67  5:47  Pylon  
  67  5:54  Dark Templar  
  67  5:56  Pylon  
  69  5:57  Probe  
  69  5:59  Protoss Ground Weapons Level 1 (Chrono Boost)  
  70  6:05  Probe  
  70  6:07  Stalker x2  
  70  6:09  Probe  
  76  6:15  Photon Cannon  
  76  6:17  Probe  
  77  6:27  Probe  
  77  6:30  Stalker x3  
  77  6:32  Probe  
  83  6:38  Gateway  
  81  6:42  Shield Battery  
  81  6:43  Probe  
  82  6:49  Charge (Chrono Boost), Probe  
  82  6:50  Probe  
  84  6:57  Probe  
  84  6:59  Stalker x2  
  84  7:00  Stalker  
  91  7:01  Probe  
  91  7:02  Probe  
  91  7:04  Photon Cannon  
  93  7:09  Assimilator, Probe  
  93  7:14  Assimilator, Probe  
  95  7:15  Gateway  
  95  7:18  Gateway  
  95  7:21  Probe  
  96  7:29  Pylon  
  96  7:31  Probe  
  96  7:35  Stalker x4  
  101  7:46  Pylon  
  101  7:47  Pylon, Probe x3  
  102  7:58  Gateway  
  102  7:59  Probe  
  102  8:00  Gateway  
  102  8:01  Stalker x4  
  102  8:05  Protoss Ground Weapons Level 2 (Chrono Boost), Robotics Facility  
  106  8:17  Pylon  
  106  8:20  Pylon  
  106  8:28  Zealot x3  
  106  8:29  Zealot x2  
  106  8:30  Pylon, Templar Archives  
  116  8:35  Zealot  
  116  8:40  Pylon  
  118  8:52  Sentry  
  118  8:53  Nexus, Zealot x3  
  126  8:58  Immortal (Chrono Boost)  
  130  9:08  High Templar x2  
  130  9:09  Assimilator, Zealot  
  136  9:10  Zealot  
  136  9:14  Archon  
  136  9:15  Zealot x2  
  142  9:27  High Templar x2  
  142  9:30  Pylon, Photon Cannon  
  146  9:33  Photon Cannon, Archon  
  146  9:37  Warp Prism (Chrono Boost)  
  148  9:57  High Templar x2  
  148  9:58  Zealot x3  
  154  10:01  Archon  
  154  10:10  Pylon, High Templar x2  
  154  10:11  Zealot, Robotics Bay  
  160  10:15  Archon  
  160  10:16  Pylon  
  160  10:24  Zealot x3  
  160  10:27  Immortal (Chrono Boost)  
  169  10:37  Photon Cannon  
  169  10:41  Dark Templar x3  
  174  10:51  Pylon  
  159  10:59  Zealot x5  
  157  11:05  Disruptor (Chrono Boost)  
  132  11:20  Zealot x7  
  132  11:21  Zealot  
  138  11:26  Disruptor (Chrono Boost)  
  123  11:42  High Templar x4  
  123  11:43  Zealot x4  
  123  11:46  Gateway  
  139  11:47  Gateway  
  139  11:49  Archon  
  139  11:50  Archon  
  137  11:57  Disruptor (Chrono Boost)  
  137  11:59  Nexus  
  137  12:01  Pylon, Robotics Facility  
  140  12:05  Zealot x4  
  140  12:07  Photon Cannon  
  146  12:18  High Templar x2, Zealot  
  146  12:19  Zealot  
  146  12:20  Shadow Stride (Chrono Boost), Observer (Chrono Boost)  
  155  12:23  Probe x2  
  155  12:24  Archon  
  157  12:32  Disruptor (Chrono Boost)  
  160  12:41  Zealot x4  
  160  12:42  Zealot  
  164  12:44  Stalker  
  164  12:48  Shield Battery  
  164  12:52  Disruptor (Chrono Boost)  
  165  13:00  Disruptor (Chrono Boost)  
  166  13:09  Dark Templar x2  
  166  13:11  Zealot x2  
  166  13:12  Zealot  
  176  13:17  Zealot  
  137  13:35  Zealot x6  
  137  13:38  Observer  
  146  13:43  Stalker  
  146  13:44  Stalker x2  
  150  13:56  Stalker x3  
  156  14:05  Stalker x2  
  156  14:09  Stalker  
  162  14:16  Stalker x2  
  162  14:21  High Templar  
  164  14:27  Pylon  
  136  14:39  Stalker x4  
  136  14:40  Stalker  
  136  14:43  Stalker  
  124  14:55  Stalker  
  124  14:56  Stalker x2  

Tags
 
Add a new tag
Caveats
  • Supply blocks, unpowered buildings, or Contaminate may cause inaccurate times.
  • Supply counts are checked every 10 seconds.